 Dungeon Crawl Stone Soup version 0.17-a0-1164-g0ba867e (webtiles) character file.

77 Kisielow the Covered (level 4, -3/41 HPs)
             Began as a Minotaur Fighter on May 28, 2015.
             Was an Initiate of Makhleb.
             Killed from afar by braks's ghost (8 damage)
             ... with a sting
             ... on level 3 of the Dungeon.
             The game lasted 00:04:08 (2401 turns).

Kisielow the Covered (Minotaur Fighter)             Turns: 2401, Time: 00:04:10

Health: -3/41      AC:  7    Str: 27    XL:     4   Next: 14%
Magic:  3/3        EV:  8    Int: 10    God:    Makhleb [......]
Gold:   93         SH: 11    Dex:  9    Spells: 0 memorised, 3 levels left

rFire  . . .     SeeInvis .     a - +0 war axe
rCold  . . .     Clarity  .     b - +0 scale mail
rNeg   . . .     SustAt   .     c - +1 shield
rPois  .         Gourm    .     (helmet restricted)
rElec  .         Spirit   .     (no cloak)
rCorr  .         Warding  .     (no gloves)
rMut   .         Stasis   .     (no boots)
MR     .....                    (no amulet)
Stlth  ..........               (no ring)
                                (no ring)

@: mighty, brilliant, lethally poisoned (-3 -> -38), very slightly contaminated,
hasted, very quick, not resistant to hostile enchantments, extremely unstealthy
A: retaliatory headbutt, horns 2
a: Renounce Religion


You were on level 3 of the Dungeon.
You worshipped Makhleb.
Makhleb was noncommittal.
You were very hungry.

You visited 1 branch of the dungeon, and saw 3 of its levels.

You collected 93 gold pieces.

Inventory:

Hand weapons
 a - a +0 war axe (weapon)
Armour
 b - a +0 scale mail (worn)
 c - a +1 shield (worn)
Scrolls
 h - a scroll of remove curse
 p - a scroll of identify
Potions
 d - a potion of might
 j - a potion of flight
Comestibles
 e - 2 bread rations
 g - 7 fruits
 i - a beef jerky
 q - 4 chunks of flesh


   Skills:
 * Level 4.3 Fighting
 * Level 2.8 Axes
 * Level 4.6 Armour
 * Level 4.5 Shields


You had 3 spell levels left.
You didn't know any spells.

Dungeon Overview and Level Annotations

Branches:
Dungeon (3/15)

Altars:
Makhleb
Nemelex Xobeh
Sif Muna

Annotations:
D:3 braks's ghost, average TeVM


Innate Abilities, Weirdness & Mutations

You reflexively headbutt those who attack you in melee.
You have a pair of horns on your head.


Message History

You closely miss braks's ghost. Your headbutt misses braks's ghost.
Braks's ghost is severely damaged.
* * * LOW HITPOINT WARNING * * *
You feel sick.
Braks's ghost points at you and mumbles some strange words.
The sting hits you!
You are more poisoned.
Drink which item? (? for menu, Esc to quit)
It was a potion of poison.
That liquid tasted very nasty...
You are more poisoned.
* * * LOW HITPOINT WARNING * * *
You feel sick.
You barely miss braks's ghost.
Braks's ghost is severely damaged.
* * * LOW HITPOINT WARNING * * *
You feel sick.
Braks's ghost gestures at you while chanting.
The sting hits you!
You are more poisoned.
You die...

#.##...'.....
#.##.###.....
#.##.#####.#.
#.##.#.....#. .
#.##.#.###.#. ...
#.##.#.# #.#. ....#
#.##.#.# #.#.
#.....######.##.#.###.#.
'.....W@..........>.....
#.............#.#.......
#....##########.#....##.
#... #....†..#.......
#.. #.#######+#####. ##
#.# #........... #.#
#.........#. #.#
#.........#.
###'###...........


You could see braks's ghost.

Vanquished Creatures
  Jessica (D:2)
  2 adders
  A worm (D:2)
  A giant gecko (D:2)
  An orc (D:3)
  3 bats
  2 hobgoblins (D:1)
  8 kobolds
  2 ball pythons
  3 giant cockroaches
  5 giant newts
  2 goblins (D:1)
  4 rats
35 creatures vanquished.

Notes
Turn   | Place    | Note
--------------------------------------------------------------
     0 | D:1      | Kisielow the Minotaur Fighter began the quest for the Orb.
     0 | D:1      | Reached XP level 1. HP: 19/19 MP: 0/0
   282 | D:1      | Reached XP level 2. HP: 22/27 MP: 1/1
   538 | D:1      | Reached skill level 4 in Armour
   979 | D:2      | Noticed Jessica
   998 | D:2      | Killed Jessica
   998 | D:2      | Reached XP level 3. HP: 2/33 MP: 2/2
  1330 | D:2      | Found a sparkling altar of Nemelex Xobeh.
  1330 | D:2      | Found a burning altar of Makhleb.
  1336 | D:2      | Became a worshipper of Makhleb the Destroyer
  1423 | D:2      | Found a deep blue altar of Sif Muna.
  1997 | D:3      | Reached XP level 4. HP: 28/41 MP: 3/3
  2356 | D:3      | Noticed braks's ghost (average TeVM)
  2401 | D:3      | Killed from afar by braks's ghost

Vault maps used:
D:1:      dpeg_arrival_tiny_a, minivault_25, minmay_fountain_box,
          serial_bayou_lake_a
D:2:      nicolae_overflow_crystal_walls, gammafunk_temple_overflow_statue,
          first_bread, uniq_jessica

Action                   |  1- 3 |  4- 6 || total
-------------------------+-------+-------++-------
Melee: War axe           |    91 |    40 ||   131
  Use: Scroll            |     8 |     1 ||     9
       Potion            |       |     8 ||     8
  Eat: Chunk             |     2 |     2 ||     4
